 Dungeon Crawl Stone Soup version 0.20.0-6-gd3061e9 (webtiles) character file.

12092 MTVSty1e the Warrior (level 11, -4/134 HPs)
             Began as a Minotaur Warper on May 28, 2017.
             Was a High Priest of Okawaru.
             Slain by a blink frog (8 damage)
             ... on level 2 of the Abyss.
             The game lasted 00:32:17 (14038 turns).

MTVSty1e the Warrior (Minotaur Warper)             Turns: 14038, Time: 00:32:18

Health: -4/134     AC: 22    Str: 19    XL:     11   Next: 57%
Magic:  5/13       EV:  3    Int: 10    God:    Okawaru [*****.]
Gold:   196        SH:  9    Dex: 10    Spells: 12/12 levels left

rFire    + + .     SeeInvis .   K - +3 hand axe (flame)
rCold    + . .     Gourm    .   r - +2 shield of Resistance {rF+ rC+ MR+}
rNeg     . . .     Faith    +   s - +0 plate armour
rPois    +         Spirit   .   (helmet restricted)
rElec    .         Reflect  .   O - +1 cloak {rPois}
rCorr    .         Harm     .   (no gloves)
MR       +....                  p - +2 pair of boots
Stlth    ..........             I - amulet of faith
Regen    0.4/turn               g - +5 ring of protection
MPRegen  0.2/turn               f - ring of protection from fire

@: about to teleport, very slightly contaminated, invisible
A: retaliatory headbutt, horns 2, thin metallic scales 1, high mp 1, robust 2
a: Heroism, Finesse, Renounce Religion


You were on level 2 of the Abyss.
You worshipped Okawaru.
Okawaru was extremely pleased with you.
You were not hungry.

You visited 2 branches of the dungeon, and saw 11 of its levels.
You visited the Abyss 1 time.

You collected 464 gold pieces.
You spent 268 gold pieces at shops.

Inventory:

Hand Weapons
 a - a +1 hand axe
 b - a +0 battleaxe
 K - a +3 hand axe of flaming (weapon)
Missiles
 e - 5 tomahawks of dispersal (quivered)
 l - 2 tomahawks of returning
 v - 5 tomahawks
Armour
 p - a +2 pair of boots (worn)
 r - the +2 shield of Resistance (worn) {rF+ rC+ MR+}
   (You found it on level 9 of the Dungeon)

   It protects you from fire.
   It protects you from cold.
   It affects your resistance to hostile enchantments.
 s - a +0 plate armour (worn)
 O - a +1 cloak of poison resistance (worn)
Jewellery
 f - a ring of protection from fire (right hand)
 g - a +5 ring of protection (left hand)
 k - an uncursed ring of magical power {unknown}
 y - an uncursed amulet of rage
 A - an uncursed ring of poison resistance
 H - an uncursed ring of wizardry
 I - an amulet of faith (around neck)
 N - a +2 ring of evasion
Wands
 D - a wand of confusion (42/48)
 J - a wand of enslavement (12/24)
 P - a wand of polymorph (0/24)
Scrolls
 d - 2 scrolls of blinking
 h - 4 scrolls of teleportation
 m - 7 scrolls of remove curse
 q - 3 scrolls of enchant armour
 w - a scroll of identify
 C - a scroll of enchant weapon
 F - 2 scrolls of fog
Potions
 j - 3 potions of curing
 n - 2 potions of flight
 t - a potion of ambrosia {unknown}
 u - 3 potions of lignification
 z - 2 potions of mutation
 E - 2 potions of magic
Books
 c - a book of Spatial Translocations

   Spells                             Type                      Level
   a - Blink                          Translocation                2
   b - Shroud of Golubria             Charms/Translocation         2
   c - Lesser Beckoning               Translocation                3
   d - Gell's Gravitas                Translocation                3
   e - Teleport Other                 Translocation                3
   f - Passage of Golubria            Translocation                4
Comestibles
 x - 3 meat rations
 B - 4 fruits
 M - 2 bread rations


   Skills:
 + Level 15.1 Fighting
 + Level 15.0 Axes
 - Level 1.0 Throwing
 - Level 1.2 Armour
 - Level 2.1 Dodging
 - Level 1.3 Spellcasting
   Level 2.1 Translocations


You had 12 spell levels left.
You didn't know any spells.

Dungeon Overview and Level Annotations

Branches:
Dungeon (10/15)            Temple (1/1) D:4            Lair (0/6) D:9
    Orc: D:9-12

Altars:
Ashenzari
Cheibriados
Dithmenos
Elyvilon
Fedhas
Gozag
Hepliaklqana
Kikubaaqudgha
Makhleb
Nemelex Xobeh
Okawaru
Qazlal
Ru
Sif Muna
Trog
Uskayaw
Vehumet
Xom
Yredelemnul
Zin

Shops:
D:6 ?   D:8 *

Annotations:
D:10 Sonja


Innate Abilities, Weirdness & Mutations

You reflexively headbutt those who attack you in melee.
You have a pair of horns on your head.
You are partially covered in thin metallic scales. (AC +2)
You have an increased reservoir of magic. (+10% MP)
You are very robust. (+20% HP)


Message History

You block the thrashing horror's attack.
The thrashing horror tramples you.
* * * LOW HITPOINT WARNING * * *
You hold your ground!
The thrashing horror roars!
The thrashing horror completely misses you.
The thrashing horror tramples you but does no damage. x3
The thrashing horror roars!
You hear a croak.
The thrashing horror completely misses you.
The thrashing horror tramples you.
* * * LOW HITPOINT WARNING * * *
You stumble backwards!
The thrashing horror roars!
You block the thrashing horror's attack. x2
A blink frog comes into view.
The thrashing horror roars!
The blink frog croaks.
You hear a loud, deep croak! x2
The thrashing horror tramples you but does no damage.
You block the thrashing horror's attack.
The blink frog hits you!
You die...

.#.#...###
....#
.#####..#...#
###.##.#
#S#.# ###.S##
#..##.###
#.#....##
###.#X.##
#..#@#
...#.F##
#.#...#
##.#.. #...#.
.## #


You could see a thrashing horror, a mana viper and a blink frog (wandering).

Vanquished Creatures
  The ghost of anfisbena the Cleaver, a journeyman HOFi of Uskayaw (D:8)
  Erolcha (D:9)
  2 two-headed ogres
  A sixfirhy (Abyss:2)
  Pikel (D:7)
  Joseph (D:8)
  A smoke demon (Abyss:2)
  The ghost of dvd the Ruffian, an amateur TrFi (D:3)
  A hornet (D:10)
  4 hippogriffs
  A meliai zombie (D:10)
  A ynoxinul (Abyss:2)
  5 yaks (D:9)
  A hungry ghost (D:7)
  A steam dragon (D:9)
  Duvessa (D:6)
  2 porcupines (D:9)
  5 orc warriors
  3 ice beasts
  A hornet zombie (D:10)
  3 sky beasts
  A black bear (D:9)
  A phantom (D:7)
  8 ogres
  2 centaurs
  A small abomination (Abyss:2)
  2 crocodiles (D:9)
  10 bullfrogs
  Dowan (D:6)
  A water moccasin skeleton (D:8)
  4 killer bees (D:10)
  5 wights (D:8)
  A howler monkey (D:6)
  4 crimson imps
  A starcursed mass (Abyss:2)
  A bullfrog zombie (D:8)
  2 quasits
  5 hounds
  2 orc priests (D:5)
  5 jellies
  10 orc wizards
  4 iguanas
  10 worker ants
  2 hound skeletons
  2 worker ant zombies
  Robin (D:3)
  A howler monkey skeleton (D:10)
  10 adders
  2 shadow imps
  An ufetubus (Abyss:2)
  An ooze (D:5)
  An adder zombie (D:9)
  4 worms
  2 dart slugs
  6 leopard geckos
  30 orcs
  4 giant cockroaches
  16 goblins
  9 hobgoblins
  24 jackals
  5 kobolds
  5 quokkas
  10 bats
  3 frilled lizards
  2 quokka skeletons
  8 rats
  A plant (D:9)
269 creatures vanquished.

Vanquished Creatures (others)
  A minotaur (D:1)
  2 gargoyles (D:1)
  A vine stalker (D:1)
  A troll (D:1)
  A spriggan (D:1)
  A slave (D:7)
  An ogre (D:1)
  2 centaurs (D:1)
  A scorpion (D:4)
  A bullfrog zombie (D:7)
  2 orc wizards (D:4)
  2 mummies (D:1)
  2 orcs
  3 jackals (D:3)
  10 fungi (D:9)
  4 plants (D:9)
  14 tentacles (D:1)
49 creatures vanquished.

Grand Total: 318 creatures vanquished

Notes
Turn   | Place    | Note
-------+----------+-------------------------------------------
     0 | D:1      | MTVSty1e the Minotaur Warper began the quest for the Orb.
     0 | D:1      | Reached XP level 1. HP: 18/18 MP: 1/1
     0 | D:1      | Noticed a troll
     0 | D:1      | Noticed a gargoyle
     0 | D:1      | Noticed a centaur
     0 | D:1      | Noticed a vine stalker
     0 | D:1      | Noticed a kraken
     0 | D:1      | Noticed an ogre
     0 | D:1      | Noticed a gargoyle
     0 | D:1      | Noticed a spriggan
     0 | D:1      | Noticed a centaur
     0 | D:1      | Noticed a minotaur
     7 | D:1      | Killed a centaur
     8 | D:1      | Killed a minotaur
    12 | D:1      | Killed a spriggan
    14 | D:1      | Killed a gargoyle
    15 | D:1      | Killed a centaur
    15 | D:1      | Killed a gargoyle
    16 | D:1      | Killed a troll
    17 | D:1      | Killed a vine stalker
    18 | D:1      | Killed an ogre
   291 | D:1      | Reached XP level 2. HP: 25/26 MP: 3/3
   705 | D:2      | Found a white marble altar of Elyvilon.
   716 | D:2      | Reached XP level 3. HP: 33/33 MP: 4/4
  1652 | D:2      | HP: 1/33 [poisoned by an adder]
  1658 | D:2      | HP: 1/33 [poisoned by an adder]
  2273 | D:2      | Reached XP level 4. HP: 38/40 MP: 5/5
  2529 | D:3      | Found a radiant altar of Vehumet.
  2555 | D:3      | Noticed dvd's ghost (amateur TrFi)
  2576 | D:3      | Killed dvd's ghost
  2576 | D:3      | Reached skill level 5 in Axes
  2576 | D:3      | Reached XP level 5. HP: 11/50 MP: 6/6
  2576 | D:3      | Reached XP level 6. HP: 13/57 MP: 7/7
  3286 | D:3      | Noticed Robin
  3299 | D:3      | Killed Robin
  3915 | D:4      | Found a shimmering altar of Xom.
  4071 | D:4      | Reached XP level 7. HP: 40/66 MP: 8/8
  4341 | D:4      | Found a staircase to the Ecumenical Temple.
  4348 | Temple   | Entered the Ecumenical Temple
  4440 | Temple   | Became a worshipper of Warmaster Okawaru
  5457 | D:5      | Entered Level 5 of the Dungeon
  5873 | D:5      | Reached XP level 8. HP: 36/75 MP: 9/9
  6371 | D:5      | Reached * piety under Okawaru
  7047 | D:6      | Noticed Dowan
  7048 | D:6      | Noticed Duvessa
  7084 | D:6      | Killed Duvessa
  7101 | D:6      | Killed Dowan
  7387 | D:6      | Reached skill level 10 in Fighting
  7472 | D:6      | Reached ** piety under Okawaru
  7611 | D:6      | Found Guiloo Uxof's Magic Scroll Shop.
  7765 | D:7      | Reached skill level 10 in Axes
  7765 | D:7      | Reached XP level 9. HP: 71/86 MP: 10/10
  8306 | D:7      | Noticed Pikel
  8339 | D:7      | Killed Pikel
  9179 | D:8      | Reached *** piety under Okawaru
  9326 | D:8      | Noticed anfisbena's ghost (journeyman HOFi)
  9372 | D:8      | Killed anfisbena's ghost
  9372 | D:8      | Reached XP level 10. HP: 34/97 MP: 8/11
  9879 | D:8      | Received a gift from Okawaru
 10067 | D:8      | Found Ufoijei's General Store.
 10138 | D:8      | Reached **** piety under Okawaru
 10150 | D:8      | Noticed Joseph
 10244 | D:8      | Killed Joseph
 10958 | D:8      | Noticed a two-headed ogre
 10973 | D:8      | Killed a two-headed ogre
 11301 | D:8      | Found a stormy altar of Qazlal.
 11561 | D:8      | Bought a +3 hand axe of flaming for 268 gold pieces
 11975 | D:9      | Found a sacrificial altar of Ru.
 12046 | D:9      | Reached ***** piety under Okawaru
 12065 | D:9      | Gained mutation: You do not regenerate when monsters are visible. [mutagenic meat]
 12066 | D:9      | Lost mutation: You do not regenerate when monsters are visible. [mutagenic meat]
 12067 | D:9      | Gained mutation: You have an increased reservoir of magic. (+10% MP) [mutagenic meat]
 12068 | D:9      | Gained mutation: You are partially covered in thin metallic scales. (AC +2) [mutagenic meat]
 12069 | D:9      | Gained mutation: You are robust. (+10% HP) [mutagenic meat]
 12082 | D:9      | Found a staircase to the Lair.
 12215 | D:9      | Noticed Erolcha
 12221 | D:9      | Killed Erolcha
 12221 | D:9      | Reached XP level 11. HP: 72/118 MP: 10/13
 12228 | D:9      | Received a gift from Okawaru
 12693 | D:9      | Noticed a two-headed ogre
 12700 | D:9      | Killed a two-headed ogre
 12897 | D:10     | Entered Level 10 of the Dungeon
 12934 | D:10     | Gained mutation: You are very robust. (+20% HP) [mutagenic meat]
 13568 | D:10     | Noticed Sonja
 13577 | D:10     | Cast into level 2 of the Abyss (Sonja)
 13605 | Abyss:2  | Found a corrupted altar of Lugonu.
 13715 | Abyss:2  | Noticed a starcursed mass
 13744 | Abyss:2  | Paralysed by accursed screaming for 1 turns
 13755 | Abyss:2  | Noticed a lich
 13757 | Abyss:2  | Noticed a blizzard demon
 13865 | Abyss:2  | Noticed a sixfirhy
 13885 | Abyss:2  | Killed a sixfirhy
 13885 | Abyss:2  | Reached skill level 15 in Fighting
 13885 | Abyss:2  | Reached skill level 15 in Axes
 13969 | Abyss:2  | Noticed a hell hog
 13996 | Abyss:2  | Noticed a thrashing horror
 14027 | Abyss:2  | Noticed a mana viper
 14027 | Abyss:2  | HP: 4/134 [mana viper (15)]
 14033 | Abyss:2  | HP: 4/134 [thrashing horror (2)]
 14038 | Abyss:2  | Slain by a blink frog

Skill      XL: |  1  2  3  4  5  6  7  8  9 10 11 |
---------------+----------------------------------+-----
Fighting       | 3 4 6 7 8 10 12 13 15 | 15.1
Axes           | 3 5 6 8 10 12 13 15 | 15.0
Throwing       | |  1.0
Armour         | |  1.2
Dodging        | |  2.1
Spellcasting   | |  1.3
Translocations | |  2.1

Action                   |  1- 3 |  4- 6 |  7- 9 | 10-12 || total
-------------------------+-------+-------+-------+-------++-------
Melee: Hand axe          |   105 |   152 |   396 |   434 ||  1087
       Headbutt          |     6 |    21 |    72 |    82 ||   181
Invok: Heroism           |       |       |     2 |    11 ||    13
Evoke: Wand              |       |       |       |     2 ||     2
  Use: Potion            |     2 |     2 |     3 |     6 ||    13
       Scroll            |       |     2 |     9 |    11 ||    22
  Eat: Bread ration      |     1 |     1 |     2 |     1 ||     5
       Meat ration       |       |     1 |     1 |     1 ||     3
       Royal jelly       |       |       |     1 |     2 ||     3
       Fruit             |       |       |     1 |     1 ||     2
       Chunk             |       |       |       |     7 ||     7
Armor: Leather armour    |    34 |    47 |     2 |       ||    83
       Ring mail         |       |       |    52 |       ||    52
       Plate armour      |       |       |    97 |   230 ||   327
Dodge: Dodged            |    96 |    99 |    81 |    78 ||   354
Block: Buckler           |       |     1 |    73 |    50 ||   124
       Shield            |       |       |       |   104 ||   104
